 Dungeon Crawl Stone Soup version 0.29.1-2-gbd0b4ee654 (webtiles) character file.

Game seed: 1717167534409183094

94 safid the Shooter (level 4, -8/41 HPs)
             Began as a Minotaur Hunter on Oct 24, 2022.
             Mangled by Crazy Yiuf
             ... wielding a +4 quarterstaff of chaos
              (17 damage)
             ... on level 3 of the Dungeon.
             The game lasted 00:02:24 (2411 turns).

safid the Shooter (Minotaur Hunter)                 Turns: 2411, Time: 00:02:25

Health: -8/41      AC:  7    Str: 16    XL:     4   Next: 38%
Magic:  3/3        EV: 10    Int:  6    God:
Gold:   255        SH:  0    Dex: 15    Spells: 3/3 levels left

rFire   . . .      SeeInvis .   a - +0 shortbow
rCold   . . .      Faith    .   (shield currently unavailable)
rNeg    . . .      Spirit   .   i - +0 scale mail
rPois   .          Reflect  .   (helmet restricted)
rElec   .          Harm     .   (no cloak)
rCorr   .          Rampage  .   e - +0 pair of gloves
Will    .....                   (no boots)
Stlth   ..........              (no amulet)
HPRegen 0.13/turn               (no ring)
MPRegen 0.08/turn               (no ring)

@: hasted, very quick
A: horns 2, retaliatory headbutt
a: no special abilities


You were on level 3 of the Dungeon.
You visited 1 branch of the dungeon, and saw 3 of its levels.

You collected 255 gold pieces.

Inventory:

Hand Weapons
 a - a +0 shortbow (weapon)
Armour
 e - a +0 pair of gloves (worn)
 i - a +0 scale mail (worn)
Jewellery
 j - a ring of wizardry
Scrolls
 b - 4 scrolls of identify {unknown}
 c - a scroll of silence {unknown}
 g - a scroll of fog {unknown}
 h - a scroll of teleportation {unknown}
Potions
 d - 2 potions of curing {unknown}
 f - a potion of haste {unknown}


   Skills:
 + Level 4.3 Fighting
 + Level 5.5 Ranged Weapons
 - Level 2.1 Dodging
 - Level 0.7 Stealth


You had 3 spell levels left.
You didn't know any spells.
Your spell library was empty.

Dungeon Overview and Level Annotations

Branches:
Dungeon (3/15)

Altars:

Annotations:
D:3 Crazy Yiuf


Innate Abilities, Weirdness & Mutations

You have a pair of horns on your head.
You reflexively headbutt those who attack you in melee.


Message History

No target in view!
You see here a rat corpse.
You now have 255 gold pieces (gained 16).
You see here a rat corpse.
There is an open door here.
There is an open door here.
There is an open door here.
There is a stone staircase leading down here.
Found a stone staircase leading up.
There is a stone staircase leading up here.
There is a stone staircase leading up here.
Found a leather armour.
You see here a +0 leather armour.
There is an open door here.
There is a stone staircase leading down here.
Found a hammer.
Found a runed translucent door.
Crazy Yiuf shouts!
Could not explore, unopened runed door.
No reachable target in view!
As you open the door, it creaks loudly!
You shoot an arrow. The arrow barely misses Crazy Yiuf.
Crazy Yiuf hits you with a +4 quarterstaff of chaos.
You feel yourself speed up.
Crazy Yiuf hits you with a +4 quarterstaff of chaos!
Crazy Yiuf burns you.
You shoot an arrow. The arrow hits Crazy Yiuf.
Crazy Yiuf is lightly wounded.
Crazy Yiuf hits you with a +4 quarterstaff of chaos!
Crazy Yiuf freezes you.
* * * LOW HITPOINT WARNING * * *
You are too injured to fight recklessly!
You are too injured to fight recklessly!
Fire: a) +0 shortbow
Press: ? - help, Q - select action Shift-Dir - straight line, f/p - Crazy Yiuf
Aim: Crazy Yiuf, wielding a +4 quarterstaff of chaos and wearing a +0 cloak (lightly wounded, 66% to hit)
You shoot an arrow. The arrow hits Crazy Yiuf!
Crazy Yiuf is severely wounded.
Crazy Yiuf waves his quarterstaff at you.
Crazy Yiuf hits you with a +4 quarterstaff of chaos!
You die...

.....# #.....# ####
####.# ##..#### #..#
####.###...# ##.#
...........# #####
#.# .###.####..#
#..)# #<# .....# ####
#...# #.# .##### ...
#.# .# #g# #.## .#
♣♣@♣ #..# .# ### ♣.♣♣
##.# .### ##.# ♣♣.♣
###.# ##.## ##..#
♣.♣♣ #.#.#
#...####...# ♣♣.♣♣
#...########
.......'...# ♣...♣♣
#...........
#...####>..# ♣PP..♣
#...#####... ##.##
##..# #....# #.#.#
#.## ####
#####.###....######.#
#.##


You could see Crazy Yiuf.

Vanquished Creatures
  An adder (D:2)
  3 gnolls (D:3)
  2 dart slugs
  3 ball pythons
  8 bats
  6 endoplasms
  2 giant cockroaches
  2 hobgoblins
  6 jackals
  2 quokkas
  A frilled lizard (D:1)
  4 goblins (D:1)
  2 kobolds (D:1)
  6 rats
48 creatures vanquished.

Notes
Turn   | Place    | Note
-------+----------+-------------------------------------------
     0 | D:1      | safid the Minotaur Hunter began the quest for the Orb.
     0 | D:1      | Reached XP level 1. HP: 18/18 MP: 0/0
   181 | D:1      | Reached XP level 2. HP: 25/25 MP: 1/1
   593 | D:1      | Reached XP level 3. HP: 31/31 MP: 2/2
   666 | D:2      | Reached skill level 5 in Ranged Weapons
   907 | D:2      | Found a faded altar of an unknown god.
  1333 | D:3      | Reached XP level 4. HP: 29/40 MP: 3/3
  2404 | D:3      | Found a runed translucent door.
  2405 | D:3      | Noticed Crazy Yiuf
  2411 | D:3      | Mangled by Crazy Yiuf

Illustrated notes

Levels and vault maps discovered:
D:1:      lemuel_arrival_cross, layout_basic, chequers_arboretum
D:2:      layout_loops_ring, shapermc_ecumenical_altar_acropolis
D:3:      layout_loops_corners, uniq_crazy_yiuf_cottage

Skill      XL: |  1  2  3 |
---------------+----------+-----
Fighting       | 3 4 |  4.3
Ranged Weapons | 5 |  5.5
Dodging        | |  2.1
Stealth        | |  0.7

Action                   |  1- 3 |  4- 6 || total
-------------------------+-------+-------++-------
 Fire: Shortbow          |    82 |    34 ||   116
Armor: Leather armour    |     2 |       ||     2
       Scale mail        |       |    11 ||    11
Dodge: Dodged            |    22 |     8 ||    30
